 Dungeon Crawl Stone Soup version 0.29-a0-575-g0dc89cf053 (webtiles) character file.

Game seed: 3518654807822074804

2375 DocClef the Covert (level 9, -4/111 HPs)
             Began as a Gnoll Delver on June 12, 2022.
             Slain by an orc warrior
             ... wielding a +0 broad axe
              (19 damage)
             ... in a bailey.
             The game lasted 00:08:01 (5759 turns).

DocClef the Covert (Gnoll Delver)                   Turns: 5759, Time: 00:08:02

Health: -4/111     AC: 13    Str:  9 (11) XL:     9   Next: 45%
Magic:  15/15      EV: 16    Int:  8 (10) God:
Gold:   547        SH:  0    Dex: 16 (18) Spells: 16/16 levels left

rFire   . . .      SeeInvis .   h - +0 double sword (freeze)
rCold   . . .      Faith    .   (no shield)
rNeg    . . .      Spirit   .   l - +3 ring mail
rPois   .          Reflect  .   m - +0 helmet
rElec   .          Harm     .   q - +2 cloak
rCorr   +          Rampage  .   (no gloves)
Will    .....                   (no boots)
Stlth   ..........              (no amulet)
HPRegen 0.28/turn               r - ring of resist corrosion
MPRegen 0.14/turn               z - +4 ring of evasion

@: mighty, berserking (expiring), very quick
A: fangs 1, strong nose, distributed training
a: no special abilities


You were in a bailey.
You visited 1 branch of the dungeon, and saw 7 of its levels.
You also visited: Bailey.

You collected 547 gold pieces.

Inventory:

Hand Weapons
 a - a +0 short sword
 h - a +0 double sword of freezing (weapon)
 x - a +4 great sword of freezing
Armour
 b - a +0 leather armour
 l - a +3 ring mail (worn)
 m - a +0 helmet (worn)
 q - a +2 cloak (worn)
Jewellery
 j - a ring of fire
 r - a ring of resist corrosion (left hand)
 w - a ring of protection from cold
 y - an amulet of faith
 z - a +4 ring of evasion (right hand)
Wands
 g - a wand of digging (3)
 i - a wand of flame (20)
 v - a wand of iceblast (11)
Scrolls
 c - 2 scrolls of fog
 e - 2 scrolls of fear
 o - 4 scrolls of identify
 s - a scroll of teleportation
Potions
 d - 3 potions of flight
 f - a potion of curing
 k - 2 potions of berserk rage
 n - 2 potions of brilliance
 p - 2 potions of might
 B - 2 potions of haste


   Skills:
 + Level 7.9 Fighting
 + Level 6.3 Short Blades
 + Level 4.2 Long Blades
 + Level 4.2 Axes
 + Level 4.2 Maces & Flails
 + Level 4.2 Polearms
 + Level 4.2 Staves
 + Level 4.2 Slings
 + Level 4.2 Bows
 + Level 4.2 Crossbows
 + Level 4.2 Throwing
 + Level 4.2 Armour
 + Level 6.3 Dodging
 + Level 10.5 Stealth
 + Level 4.2 Shields
 + Level 4.2 Unarmed Combat
 + Level 4.2 Spellcasting
 + Level 3.5 Conjurations
 + Level 3.5 Hexes
 + Level 3.5 Summonings
 + Level 3.5 Necromancy
 + Level 3.5 Translocations
 + Level 3.5 Transmutations
 + Level 3.5 Fire Magic
 + Level 3.5 Ice Magic
 + Level 3.5 Air Magic
 + Level 3.5 Earth Magic
 + Level 3.5 Poison Magic
 + Level 4.7 Invocations
 + Level 4.2 Evocations


You had 16 spell levels left.
You didn't know any spells.
Your spell library contained the following spells:

 Spells                   Type           Power      Damage    Failure   Level
 Necrotize                Necr           28%        1d5       19%         1
 Anguish                  Hex/Necr       3%         N/A       87%         4
 Enfeeble                 Hex            3%         N/A       100%        7


Dungeon Overview and Level Annotations

Branches:
Dungeon (7/15)             Temple (0/1) D:6          Bailey (1/1)

Altars:
Ashenzari
Dithmenos
Fedhas
Ru
Sif Muna

Shops:
D:3 !


Innate Abilities, Weirdness & Mutations

You have very sharp teeth.
Your uncanny sense of smell can sniff out nearby items.
Your experience applies equally to all skills.


Message History

The hobgoblin hits you but does no damage.
You closely miss the orc knight.
The orc knight is heavily wounded.
The kobold hits you but does no damage.
The hobgoblin hits you but does no damage.
The orc knight hits you but does no damage.
You barely miss the orc knight.
The orc knight is heavily wounded.
The kobold hits you but does no damage. The hobgoblin completely misses you.
You barely miss the orc knight.
The orc knight is heavily wounded.
You feel less wooden.
Your +2 cloak unmelds from your body.
Your +0 helmet unmelds from your body.
Your +3 ring mail unmelds from your body.
The kobold barely misses you.
The hobgoblin hits you with a +0 hand axe.
The orc knight hits you with a +0 war axe.
The orc warrior hits you with a +0 broad axe!
You closely miss the orc knight.
You bite the orc knight, but do no damage.
The orc knight is heavily wounded.
The kobold misses you.
Unknown command.
You completely miss the orc knight. Your bite misses the orc knight.
The orc knight is heavily wounded.
The orc knight hits you but does no damage.
The hobgoblin closely misses you.
The orc warrior hits you with a +0 broad axe!!
* * * LOW HITPOINT WARNING * * *
The kobold closely misses you.
You closely miss the orc knight. You bite the orc knight.
The orc knight is heavily wounded.
The orc knight closely misses you. The hobgoblin completely misses you.
The orc warrior barely misses you. The kobold misses you.
You hit the orc knight. You freeze the orc knight.
The orc knight is severely wounded.
The orc knight completely misses you.
The hobgoblin hits you but does no damage.
The orc warrior hits you with a +0 broad axe!!
You die...

########### ##...#...#..
#.....#.....
#############.##########
####...............).(.....
##......K....#########).....
##......(..#K## ######.
#.....⌠..(.#@o# ∆#.
#.......###og# #.
###.....#.'oo### .+∆#.
######......###...^ .###.
#≈≈≈≈≈≈≈≈.....#..####+####
.#.≈≈
#≈≈≈≈≈≈≈≈≈≈.####.o.g...####≈≈≈
##....(≈≈≈≈≈≈K#.o.o...#K≈≈≈≈≈
##....(.≈≈≈≈≈#########≈≈≈≈##
##....(...≈≈≈≈≈≈≈≈≈≈≈≈≈##


You could see an orc knight, an orc warrior (strong), 2 orcs, a hobgoblin and 2
kobolds.

Vanquished Creatures
  A shadow (D:7)
  A water moccasin (D:5)
  3 orc warriors
  A sky beast (D:5)
  An ice beast (D:5)
  2 centaurs
  3 phantoms (D:5)
  A kobold brigand (D:7)
  2 bullfrogs (D:7)
  3 scorpions (D:5)
  3 necrophages
  3 wights
  A howler monkey (D:4)
  A hound (D:4)
  An orc priest (D:3)
  4 iguanas
  Natasha (twice) (D:4)
  2 orc wizards
  Robin (D:3)
  6 gnolls
  5 adders
  4 worms
  11 dart slugs
  14 orcs
  2 endoplasms
  3 giant cockroaches
  19 goblins
  7 hobgoblins
  9 jackals
  4 quokkas
  4 ball pythons (D:2)
  4 bats
  3 frilled lizards
  19 kobolds
  6 rats
156 creatures vanquished.

Vanquished Creatures (others)
  3 fungi (D:4)
  A plant (D:4)
4 creatures vanquished.

Grand Total: 160 creatures vanquished

Notes
Turn   | Place    | Note
-------+----------+-------------------------------------------
     0 | D:5      | Reached skill level 9 in Stealth
     0 | D:5      | DocClef the Gnoll Delver began the quest for the Orb.
     0 | D:5      | Reached XP level 1. HP: 23/23 MP: 1/1
    47 | D:5      | Noticed a centaur
    47 | D:5      | Noticed an ice beast
    50 | D:5      | Killed a centaur
    51 | D:5      | Reached skill level 1 in Long Blades
    51 | D:5      | Reached skill level 1 in Axes
    51 | D:5      | Reached skill level 1 in Maces & Flails
    51 | D:5      | Reached skill level 1 in Polearms
    51 | D:5      | Reached skill level 1 in Staves
    51 | D:5      | Reached skill level 1 in Slings
    51 | D:5      | Reached skill level 1 in Bows
    51 | D:5      | Reached skill level 1 in Crossbows
    51 | D:5      | Reached skill level 1 in Throwing
    51 | D:5      | Reached skill level 1 in Armour
    51 | D:5      | Reached skill level 1 in Shields
    51 | D:5      | Reached skill level 1 in Unarmed Combat
    51 | D:5      | Reached skill level 1 in Spellcasting
    51 | D:5      | Reached skill level 1 in Invocations
    51 | D:5      | Reached skill level 1 in Evocations
    51 | D:5      | Reached XP level 2. HP: 29/29 MP: 1/3
    51 | D:5      | Reached XP level 3. HP: 35/35 MP: 1/4
    51 | D:5      | Reached XP level 4. HP: 41/41 MP: 1/5
    53 | D:5      | Killed an ice beast
    54 | D:5      | Reached skill level 1 in Conjurations
    54 | D:5      | Reached skill level 1 in Hexes
    54 | D:5      | Reached skill level 1 in Summonings
    54 | D:5      | Reached skill level 1 in Necromancy
    54 | D:5      | Reached skill level 1 in Translocations
    54 | D:5      | Reached skill level 1 in Transmutations
    54 | D:5      | Reached skill level 1 in Fire Magic
    54 | D:5      | Reached skill level 1 in Ice Magic
    54 | D:5      | Reached skill level 1 in Air Magic
    54 | D:5      | Reached skill level 1 in Earth Magic
    54 | D:5      | Reached skill level 1 in Poison Magic
    54 | D:5      | Reached XP level 5. HP: 47/47 MP: 1/7
   175 | D:5      | Reached XP level 6. HP: 41/53 MP: 8/8
   352 | D:5      | Reached skill level 5 in Short Blades
   352 | D:5      | Reached skill level 5 in Dodging
   354 | D:5      | Found a blossoming altar of Fedhas.
   398 | D:5      | Noticed a gargoyle
   813 | D:3      | Reached XP level 7. HP: 53/59 MP: 10/10
  1222 | D:3      | Noticed Robin
  1256 | D:3      | Killed Robin
  1888 | D:3      | Found a faded altar of an unknown god.
  1897 | D:3      | Got Plato's Incunabulum of Dark Magic
  1958 | D:3      | Found a sacrificial altar of Ru.
  1972 | D:3      | Found Wihisurph's Distillery.
  3643 | D:4      | Found a broken altar of Ashenzari.
  3647 | D:4      | Saw a vision of the Swamp and the Spider Nest.
  3647 | D:4      | Noticed a redback
  3647 | D:4      | Noticed a wolf spider
  3647 | D:4      | Noticed a wolf spider
  3647 | D:4      | Noticed a hornet
  3647 | D:4      | Noticed a wolf spider
  3647 | D:4      | Noticed a redback
  3647 | D:4      | Noticed a redback
  3647 | D:4      | Noticed an alligator
  3647 | D:4      | Noticed a vampire mosquito
  3647 | D:4      | Noticed a vampire mosquito
  3648 | D:4      | Noticed a vampire mosquito
  4018 | D:4      | Noticed Natasha
  4026 | D:4      | Killed Natasha
  4027 | D:4      | Reached skill level 10 in Stealth
  4110 | D:4      | Noticed Natasha
  4116 | D:4      | Killed Natasha
  4191 | D:4      | Found a shadowy altar of Dithmenos.
  4200 | D:4      | Found a shimmering blue altar of Sif Muna.
  4574 | D:5      | Reached XP level 8. HP: 67/67 MP: 12/12
  5174 | D:6      | Reached XP level 9. HP: 66/73 MP: 14/14
  5207 | D:6      | Found a staircase to the Ecumenical Temple.
  5392 | D:7      | Found a flagged portal.
  5405 | Bailey   | Entered a bailey
  5743 | Bailey   | Noticed an orc knight
  5759 | Bailey   | Slain by an orc warrior

Illustrated notes

Levels and vault maps discovered:
D:1:      psy_arrival_radial02, layout_rooms, serial_aquarium,
          aquarium_bridge_square [aquarium_subvault_wall,
          aquarium_subvault_wall, aquarium_subvault_wall,
          aquarium_subvault_bridge], aquarium_window_fake, aquarium_window_1,
          aquarium_view_2b, aquarium_balcony_3b,
          nicolae_concentric_dashed_squares_mild
D:2:      minmay_skewed_foursquare, layout_loops_ring
D:3:      wad_crossroads, layout_rooms, old_standard_altar, serial_shops,
          nicolae_shop_waterfront, shapermc_ecumenical_altar_rom_forum,
          uniq_robin
D:4:      kennysheep_slugbush, layout_gridville, grunt_ashenzari_visionary
          [grunt_ashenzari_visionary_swamp, grunt_ashenzari_visionary_spider],
          mainiacjoe_overflow_swirl, uniq_natasha
D:5:      minmay_diamond_boxcup, layout_loops_corners, fedhas_altar_1,
          chequers_serial_rivers_large_b, chequers_mini_garden
D:6:      layout_basic, temple_statues, kennysheep_generic_room_6
D:7:      layout_basic, kennysheep_mini_moat, mainiacjoe_overflow_alcove_1,
          serial_corexii_hall, corexii_hall_statues_x, corexii_hall_statues_x,
          chequers_hall_statues_corner_a, chequers_hall_statues_y,
          enter_bailey_3, kennysheep_generic_room_10, uniq_prince_ribbit1,
          uniq_menkaure, uniq_crazy_yiuf_cottage
Bailey:   bailey_axe_4, bailey

Skill      XL: |  1  2  3  4  5  6  7  8  9 |
---------------+----------------------------+-----
Stealth        | 10 | 10.5
Long Blades    | 1 2 3 4 |  4.2
Axes           | 1 2 3 4 |  4.2
Maces & Flails | 1 2 3 4 |  4.2
Polearms       | 1 2 3 4 |  4.2
Staves         | 1 2 3 4 |  4.2
Slings         | 1 2 3 4 |  4.2
Bows           | 1 2 3 4 |  4.2
Crossbows      | 1 2 3 4 |  4.2
Throwing       | 1 2 3 4 |  4.2
Armour         | 1 2 3 4 |  4.2
Shields        | 1 2 3 4 |  4.2
Unarmed Combat | 1 2 3 4 |  4.2
Spellcasting   | 1 2 3 4 |  4.2
Invocations    | 1 2 3 4 |  4.7
Evocations     | 1 2 3 4 |  4.2
Conjurations   | 1 2 3 |  3.5
Hexes          | 1 2 3 |  3.5
Summonings     | 1 2 3 |  3.5
Necromancy     | 1 2 3 |  3.5
Translocations | 1 2 3 |  3.5
Transmutations | 1 2 3 |  3.5
Fire Magic     | 1 2 3 |  3.5
Ice Magic      | 1 2 3 |  3.5
Air Magic      | 1 2 3 |  3.5
Earth Magic    | 1 2 3 |  3.5
Poison Magic   | 1 2 3 |  3.5
Short Blades   | 5 6 |  6.3
Dodging        | 5 6 |  6.3
Fighting       | 7 |  7.9

Action                   |  1- 3 |  4- 6 |  7- 9 || total
-------------------------+-------+-------+-------++-------
Melee: Short sword       |     1 |    51 |     1 ||    53
       Punch             |       |     5 |     8 ||    13
       Bite              |       |     3 |    40 ||    43
       Double sword      |       |       |   383 ||   383
  Use: Scroll            |       |     1 |     8 ||     9
       Potion            |       |     1 |    11 ||    12
 Stab: Sleeping          |     1 |    10 |    25 ||    36
       Distracted        |       |       |     2 ||     2
Armor: Leather armour    |       |     5 |    18 ||    23
       Ring mail         |       |       |   144 ||   144
       Skin              |       |       |    38 ||    38
Dodge: Dodged            |       |    24 |   370 ||   394

Table legend: (Time is in decaauts)
 A = Elapsed time spent in this place.
 B = Non-inter-level travel time spent in this place.
 C = Inter-level travel time spent in this place.
 D = Time resting spent in this place.
 E = Time spent auto-exploring this place.
 F = Levels seen in this place.
 G = Mean time per level.
                   A        B        C        D        E       F      G
               +--------+--------+--------+--------+--------+-----+--------+
         Total |   5908 |   5676 |    232 |    896 |   3445 |   8 |  738.5 |
       Dungeon |   5542 |   5310 |    232 |    896 |   3202 |   7 |  791.7 |
        Bailey |    366 |    366 |      0 |      0 |    243 |   1 |  366.0 |
               +--------+--------+--------+--------+--------+-----+--------+

Top non-repeatable levels by time:
     D:3: 1386 daAuts
     D:5: 1345 daAuts
     D:4: 949 daAuts
     D:1: 806 daAuts
     D:2: 748 daAuts
  Bailey: 366 daAuts
     D:6: 208 daAuts
     D:7: 99 daAuts
